 Dungeon Crawl Stone Soup version 0.32-a0-666-ge8a88695a4 (webtiles) character file.

Game seed: 7915822564784288974

12 ytrimaz the Chopper (level 2, 0/23 HPs)
             Began as a Coglin Gladiator on Mar 9, 2024.
             Frozen to death by an endoplasm (4 damage)
             ... on level 1 of the Dungeon.
             The game lasted 00:00:07 (62 turns).

ytrimaz the Chopper (Coglin Gladiator)                Turns: 62, Time: 00:00:08

Health: 0/23       AC:  4    Str: 14    XL:     2   Next: 33%
Magic:  2/2        EV: 12    Int:  7    God:
Gold:   34         SH:  0    Dex: 15    Spells: 1/1 levels left

rFire   . . .        a - +0 war axe {Mishil}
rCold   . . .        f - +0 dagger {Gilbert}
rNeg    . . .        b - +0 leather armour
rPois   .            c - +0 helmet
rElec   .            (no cloak)
rCorr   .            (no gloves)
SInv    .            (no boots)
Will    .....        (amulet unavailable)
Stlth   +            (ring unavailable)
HPRegen 0.23/turn    (ring unavailable)
MPRegen 0.08/turn    (no gizmo)

%: no passive effects
@: revved
A: off-hand wielding, slow wielding, warmup strikes, no jewellery
a: Invent Gizmo


You were on level 1 of the Dungeon.
You visited 1 branch of the dungeon, and saw 1 of its levels.

You collected 34 gold pieces.


Innate Abilities, Weirdness & Mutations

You can wield a second weapon in your off-hand.
It takes a long time for you to wield or remove held weapons.
Your first few attacks do less damage.
You cannot equip rings or amulets.


   Skills:
 + Level 2.4 Fighting
 + Level 3.3 Axes
 - Level 1.7 Throwing
 - Level 2.6 Dodging


You had one spell level left.
You didn't know any spells.
Your spell library was empty.

Inventory:

Hand Weapons
 a - a +0 war axe (weapon) {Mishil}
 f - a +0 dagger (offhand) {Gilbert}
Missiles
 d - 3 throwing nets (quivered)
 e - a javelin
Armour
 b - a +0 leather armour (worn)
 c - a +0 helmet (worn)

Dungeon Overview and Level Annotations

Branches:
Dungeon (1/15) Zot: 5935

Altars:

..# #.# ## #.#
#.. #.# ##.. #.#
##.... #.##
......####..#
......J)..#.##
......l@†.#..#
..........##.#
..!......$##.###
..........##...#
..........####.#
....####### #.#
###.##########.##
..ß.~~~~~~~~##.#
#.~~~.....~~#.#


You could see an endoplasm and a frilled lizard.


Message History

🤖 Initializing magus.rc ...
Options error: Delay interrupt name "hungry" not recognised. (ytrimaz.rc:4375) Bad monster_list_colour key: strict_neutral Options error: Unknown color in colour mapping: 'purle:scroll.*immolation' Bad channel name 'pray' for runrest: 'pray:' Options error: Missing colour in message_colour setting: 'that.*feels deathly cold' Options error: Missing colour in message_colour setting: 'and you must be Full or above to equip it' Options error: Missing colour in message_colour setting: 'but rights himself reflexively soon after' Options error: Missing colour in message_colour setting: 'before it is too late' ✅ Successfully initialized magus.rc [v1.9.6] Welcome, ytrimaz the Coglin Gladiator.
It is said that the Orb of Zot exists deep within this dungeon.
Press ? for a list of commands and other information.
Found 17 gold pieces and 3 stones.
Found a staircase leading out of the dungeon.
You enter the shallow water.
Moving in this stuff is going to be slow.
You now have 17 gold pieces.
You open the large door.
There is a large open door here.
You now have 23 gold pieces (gained 6).
You now have 34 gold pieces (gained 11).
Key pressed, stopping explore.
A gnoll comes into view. It is wielding a +0 spear.
A gnoll is nearby!
A hobgoblin comes into view.
The gnoll shouts!
The hobgoblin shouts!
There are monsters nearby!
The gnoll misses you.
There are monsters nearby!
A hobgoblin comes into view.
The hobgoblin shouts!
The gnoll hits you with a +0 spear. 😮 HP[-5]
You take 5 damage, and now have 11/16 hp.
MASSIVE DAMAGE!! (PAUSE)
You closely miss the gnoll with your +0 war axe.
You barely miss the gnoll with your +0 dagger.
The gnoll hits you with a +0 spear!
* * * LOW HITPOINT WARNING * * *
😱 HP[-7]
You take 7 damage, and now have 4/16 hp.
MASSIVE DAMAGE!! (PAUSE)
You hit the gnoll with your +0 war axe.
You closely miss the hobgoblin with your +0 war axe.
You hit the gnoll with your +0 dagger.
The hobgoblin hits you but does no damage.
The gnoll barely misses you. The hobgoblin hits you.
* * * LOW HITPOINT WARNING * * *
The gnoll closely misses you. 😱 HP[-1]
You take 1 damage, and now have 3/16 hp.
Unknown command.
You closely miss the gnoll with your +0 war axe.
You hit the hobgoblin but do no damage. You hit the gnoll but do no damage.
The gnoll misses you.
Unknown command.
You slash the gnoll with your +0 war axe!
You kill the gnoll!
You closely miss the hobgoblin with your +0 war axe.
The hobgoblin hits you but does no damage.
A frilled lizard comes into view.
You have reached level 2! 😱 HP[+2] MP[+1]
You now have 23 max hp (+7).
You regained 2 hp, and now have 5/23 hp.
Your mp is fully restored (2).
Unknown command.
You closely miss the hobgoblin with your +0 war axe. x2
You hit the hobgoblin with your +0 dagger.
The hobgoblin barely misses you. The hobgoblin closely misses you.
You hit the hobgoblin with your +0 war axe.
You kill the hobgoblin!
You hit the hobgoblin with your +0 war axe.
An endoplasm comes into view.
The hobgoblin hits you.
* * * LOW HITPOINT WARNING * * *
😱 HP[-1]
You take 1 damage, and now have 4/23 hp.
Unknown command.
The endoplasm quivers.
The hobgoblin hits you.
* * * LOW HITPOINT WARNING * * *
Things that are here:
a +0 spear; a gnoll corpse; 😱 HP[-1]
You take 1 damage, and now have 3/23 hp.
Unknown command.
You hit the hobgoblin with your +0 dagger.
You kill the hobgoblin! 😱 HP[+1]
You see here a hobgoblin corpse.
Unknown command.
The frilled lizard bites you but does no damage.
You barely miss the frilled lizard with your +0 war axe.
You hit the frilled lizard but do no damage.
The frilled lizard closely misses you. The endoplasm freezes you.
You are frozen.
You die...

Action                     || total
---------------------------++-------
  Melee: War axe           ||     7
         Dagger            ||     6
 Armour: Leather armour    ||     8
  Dodge: Dodged            ||     7

Levels and vault maps discovered:
D:1:      psy_arrival_whirlpool, layout_rooms

Notes
Turn   | Place    | Note
-------+----------+-------------------------------------------
     0 | D:1      | ytrimaz the Coglin Gladiator began the quest for the Orb.
     0 | D:1      | Reached XP level 1. HP: 16/16 MP: 1/1
     0 | D:1      | magus.rc [v1.9.6]
    52 | D:1      | HP: 4/16 [gnoll/+0 spear (7)]
    56 | D:1      | Reached XP level 2. HP: 5/23 MP: 2/2
    57 | D:1      | HP: 4/23 [hobgoblin (1)]
    62 | D:1      | Frozen to death by an endoplasm

Vanquished Creatures
  A gnoll (D:1)
  2 hobgoblins (D:1)
3 creatures vanquished.

Table legend:
 A = Non-vault XP
 B = Vault XP
 C = Vault XP percentage of total XP
 D = Non-vault monster count
 E = Vault monster count
 F = Vault count percentage of total count
                 A         B        C        D         E       F
            +---------+---------+-------+---------+---------+-------
      Total |      18 |       0 |   0.0 |       3 |       0 |   0.0
            +---------+---------+-------+---------+---------+-------
        D:1 |      18 |       0 |   0.0 |       3 |       0 |   0.0
            +---------+---------+-------+---------+---------+-------

Action                     || total
---------------------------++-------
  Melee: War axe           ||     7
         Dagger            ||     6
 Armour: Leather armour    ||     8
  Dodge: Dodged            ||     7

Illustrated notes

Table legend:
 A = Kills in this place as a percentage of kills in the entire game.
 B = Kills by you in this place as a percentage of kills by you in the entire game.
 C = Kills by friends in this place as a percentage of kills by friends in the entire game.
 D = Other kills in this place as a percentage of other kills in the entire game.
 E = Experience gained in this place as a percentage of experience gained in the entire game.
 F = Experience gained in this place divided by the number of levels of this place that you have seen.
                   A       B       C       D       E      F
               +-------+-------+-------+-------+-------+----------------------
         Total | 100.0 | 100.0 |   N/A |   N/A | 100.0 |  18.0
       Dungeon | 100.0 | 100.0 |   N/A |   N/A | 100.0 |  18.0
               +-------+-------+-------+-------+-------+----------------------

Table legend: (Time is in decaauts)
 A = Elapsed time spent in this place.
 B = Non-inter-level travel time spent in this place.
 C = Inter-level travel time spent in this place.
 D = Time resting spent in this place.
 E = Time spent auto-exploring this place.
 F = Levels seen in this place.
 G = Mean time per level.
                   A        B        C        D        E       F      G
               +--------+--------+--------+--------+--------+-----+--------+
         Total |     63 |     63 |      0 |      0 |     48 |   1 |   63.0 |
       Dungeon |     63 |     63 |      0 |      0 |     48 |   1 |   63.0 |
               +--------+--------+--------+--------+--------+-----+--------+

Top non-repeatable levels by time:
     D:1: 63 daAuts
